 Dungeon Crawl Stone Soup version 0.24-a0-7-g1bb0902 (webtiles) character file.

Game seed: 10038439089617680713

2464 galech the Shield-Bearer (level 9, -2/68 HPs)
             Began as a Demonspawn Fighter on Jan 30, 2019.
             Succumbed to a redback's poison
             ... in a bailey.
             The game lasted 00:09:11 (5845 turns).

galech the Shield-Bearer (Demonspawn Fighter)       Turns: 5845, Time: 00:09:12

Health: -2/68      AC: 11    Str: 16    XL:     9   Next: 26%
Magic:  9/9        EV: 11    Int: 10    God:
Gold:   291        SH: 16    Dex: 24    Spells: 8/8 levels left

rFire    . . .     SeeInvis .   w - +1 hand axe (chop)
rCold    . . .     Gourm    .   v - +0 large shield
rNeg     . . .     Faith    .   A - +4 ring mail of Death's Door {rCorr Str-5 Dex+4}
rPois    .         Spirit   .   (helmet restricted)
rElec    .         Reflect  .   (no cloak)
rCorr    +         Harm     .   q - +0 pair of gloves
MR       .....                  (no boots)
Stlth    ++........             i - amulet of magic regeneration
HPRegen  0.21/turn              t - +2 ring of slaying
MPRegen  0.36/turn              r - +4 ring of dexterity

@: mighty, lethally poisoned (-2 -> -84)
A: horns 1, repulsion field 1, powered by death 1, rot immunity
a: no special abilities


You were in a bailey.
You were not hungry.

You visited 2 branches of the dungeon, and saw 8 of its levels.
You also visited: Bailey.

You collected 291 gold pieces.

Inventory:

Hand Weapons
 a - a +0 war axe
 w - a +1 hand axe of chopping (weapon)
 E - a +0 hand axe of freezing
Armour
 q - a +0 pair of gloves (worn)
 v - a +0 large shield (worn)
 A - the +4 ring mail of Death's Door (worn) {rCorr Str-5 Dex+4}
   (You found it on level 6 of the Dungeon)

   It affects your strength (-5).
   It affects your dexterity (+4).
   It provides partial protection from all sources of acid and corrosion.
 G - a +0 plate armour
Jewellery
 e - an uncursed ring of magical power
 g - an uncursed ring of protection from magic
 i - an amulet of magic regeneration (around neck)
 m - a +3 ring of strength
 n - a +2 ring of dexterity
 r - a +4 ring of dexterity (right hand)
 t - a +2 ring of slaying (left hand)
 y - an uncursed ring of positive energy
Wands
 F - a wand of paralysis (10)
Scrolls
 b - a scroll of amnesia {unknown}
 c - a scroll of brand weapon {unknown}
 h - 3 scrolls of teleportation
 j - a scroll of fog
 k - 3 scrolls of remove curse
 p - a scroll of enchant armour {unknown}
 x - 2 scrolls of enchant weapon
Potions
 l - 2 potions of brilliance {unknown}
 o - 6 potions of curing {unknown}
 s - 2 potions of mutation {unknown}
 z - a potion of degeneration {unknown}
 B - a potion of haste {unknown}
 C - 2 potions of lignification {unknown}
 H - a potion of resistance {unknown}
Comestibles
 f - 17 rations
 I - 4 chunks of flesh


   Skills:
 + Level 5.3 Fighting
 + Level 6.6 Axes
 + Level 5.2 Armour
 + Level 3.3 Dodging
 + Level 0.9 Stealth
 + Level 6.7 Shields
 + Level 0.3 Unarmed Combat


You had 8 spell levels left.
You didn't know any spells.
Your spell library contained the following spells:

 Spells                   Type           Power        Failure   Level  Hunger
 Confusing Touch          Hex            #.....       100%        1    ##.....
 Magic Dart               Conj           #...         100%        1    ##.....
 Searing Ray              Conj           #.....       100%        2    ###....
 Confuse                  Hex            #.......     100%        3    ####...
 Dazzling Spray           Conj/Hex       #.....       100%        3    ####...
 Gell's Gravitas          Tloc           #.........   100%        3    ####...
 Force Lance              Conj/Tloc      #.......     100%        4    #####..
 Fulminant Prism          Conj/Hex       #.........   100%        4    #####..
 Iskenderun's Mystic Bla  Conj           #.......     100%        4    #####..
 Petrify                  Tmut/Erth      #.......     100%        4    #####..
 Metabolic Englaciation   Hex/Ice        #.........   100%        5    ######.
 Yara's Violent Unravell  Hex/Tmut       #.........   100%        5    ######.


Dungeon Overview and Level Annotations

Branches:
Dungeon (7/15)             Temple (1/1) D:6

Altars:
Ashenzari
Cheibriados
Elyvilon
Fedhas
Gozag
Hepliaklqana
Makhleb
Qazlal
Sif Muna
Vehumet
Wu Jian
Xom
Yredelemnul


Innate Abilities, Weirdness & Mutations

You have a pair of small horns on your head.
You are surrounded by a mild repulsion field. (EV +2)
You regenerate a little health from kills.
You are immune to rotting.


Message History

The redback bites you but does no damage.
You block the redback's attack.
The redback bites you but does no damage.
You barely miss the redback. Your headbutt misses the redback.
The redback is moderately wounded.
You hit the redback. The redback misses you.
The deep elf mage mumbles some strange words.
The deep elf mage blinks!
The redback barely misses you.
A deep elf mage comes into view. It is wielding a +0 rapier.
You block the redback's attack. The redback bites you.
* * * LOW HITPOINT WARNING * * *
You are lethally poisoned!
The redback poisons you! The redback misses you. The redback bites you!
* * * LOW HITPOINT WARNING * * *
You are more poisoned.
The redback poisons you!
You closely miss the deep elf mage. You headbutt the deep elf mage!!
The deep elf mage is heavily wounded.
You hit the redback. x2
You die...

#e#####
#....##
#s....#
#.es).#
#.e.e.#
##...##
####e##..#
##.s.##
...#
#.@sr.#
...#
#.e∩..#
..##
##...##
### #####


You could see 3 deep elf magi, 2 redbacks and a hell rat.

Vanquished Creatures
  A deep elf mage (Bailey)
  A hippogriff (D:5)
  2 orc warriors (D:6)
  An ice beast (D:7)
  A necrophage (D:6)
  A sky beast (D:5)
  A centaur (D:6)
  3 bullfrogs
  2 scorpions
  A killer bee (D:7)
  A crimson imp (D:7)
  A centaur zombie (D:5)
  2 orc priests (D:4)
  A jelly (D:6)
  3 hounds
  An iron imp (D:5)
  4 orc wizards
  A gnoll shaman (D:5)
  3 iguanas
  3 worker ants
  Natasha (thrice) (D:4)
  A hound skeleton (D:4)
  A hound zombie (D:7)
  5 gnolls
  15 adders
  3 oozes
  2 adder skeletons (D:4)
  A worm (D:2)
  A dart slug (D:1)
  2 leopard geckos
  20 orcs
  5 giant cockroaches
  7 goblins
  5 hobgoblins
  8 jackals
  4 quokkas
  A ball python (D:2)
  7 bats
  3 frilled lizards
  A giant cockroach zombie (D:5)
  7 kobolds
  A quokka skeleton (D:6)
  6 rats
143 creatures vanquished.

Notes
Turn   | Place    | Note
-------+----------+-------------------------------------------
     0 | D:1      | galech the Demonspawn Fighter began the quest for the Orb.
     0 | D:1      | Reached XP level 1. HP: 18/18 MP: 1/1
   360 | D:1      | Gained mutation: You are surrounded by a mild repulsion
                  | field. (EV +2) [demonic ancestry]
   360 | D:1      | Reached XP level 2. HP: 24/24 MP: 2/2
   774 | D:2      | Reached XP level 3. HP: 19/29 MP: 3/3
  1006 | D:2      | Gained mutation: You regenerate a little health from kills.
                  | [demonic ancestry]
  1006 | D:2      | Reached XP level 4. HP: 35/35 MP: 4/4
  1628 | D:2      | Reached skill level 1 in Dodging
  1853 | D:2      | You fall through a shaft!
  2090 | D:3      | Reached XP level 5. HP: 35/41 MP: 5/5
  2171 | D:3      | Found a faded altar of an unknown god.
  2998 | D:4      | Reached XP level 6. HP: 36/48 MP: 6/6
  3003 | D:4      | Noticed Natasha
  3014 | D:4      | Killed Natasha
  3080 | D:4      | Noticed Natasha
  3088 | D:4      | Killed Natasha
  3297 | D:4      | Noticed Natasha
  3305 | D:4      | Killed Natasha
  3431 | D:4      | Found a deep blue altar of Sif Muna.
  3451 | D:4      | Reached XP level 7. HP: 46/53 MP: 7/7
  3620 | D:5      | Entered Level 5 of the Dungeon
  3690 | D:5      | Found a blossoming altar of Fedhas.
  3691 | D:5      | Noticed a hippogriff
  3698 | D:5      | Killed a hippogriff
  3698 | D:5      | Reached skill level 5 in Shields
  3889 | D:5      | Found a snail-covered altar of Cheibriados.
  3900 | D:5      | Reached skill level 5 in Axes
  3905 | D:5      | Found a hazy altar of Hepliaklqana.
  4362 | D:6      | Gained mutation: You are immune to rotting. [demonic
                  | ancestry]
  4362 | D:6      | Reached XP level 8. HP: 39/60 MP: 8/8
  4892 | D:6      | Found a staircase to the Ecumenical Temple.
  4899 | Temple   | Entered the Ecumenical Temple
  5082 | D:6      | Got a warped ring mail
  5093 | D:6      | Identified the +4 ring mail of Death's Door {rCorr Str-5
                  | Dex+4} (You found it on level 6 of the Dungeon)
  5509 | D:7      | Reached skill level 5 in Fighting
  5520 | D:7      | Reached skill level 5 in Armour
  5643 | D:7      | Gained mutation: You have a pair of small horns on your
                  | head. [demonic ancestry]
  5643 | D:7      | Reached XP level 9. HP: 43/68 MP: 9/9
  5665 | D:7      | Found a flagged portal.
  5711 | Bailey   | Entered a bailey
  5717 | Bailey   | Noticed a deep elf mage
  5729 | Bailey   | Killed a deep elf mage
  5825 | Bailey   | Noticed a deep elf mage
  5826 | Bailey   | Noticed a deep elf mage
  5828 | Bailey   | Noticed a demonic crawler
  5844 | Bailey   | Noticed a deep elf mage
  5845 | Bailey   | Succumbed to a redback's poison

Vault maps used:
D:1:      minmay_arrival_checkered_box, corner_web_ring
D:2:      first_ration
D:3:      chequers_ecumenical_altar_lobes
D:4:      nicolae_overflow_crystal_walls, uniq_natasha
D:5:      lemuel_round_altar, slow_altar_1, old_standard_altar
D:6:      temple_green
D:7:      minmay_angry_zag, nicolae_ru_path_of_blood,
          nicolae_dithmenos_through_a_glass_darkly, kennysheep_little_box,
          lemuel_doored_altar, lemuel_crystal_altar,
          lightli_bailey_entry_fortress, serial_shops, shop
Temple:   nicolae_temple_figure_zero
Bailey:   bailey_polearm_3, bailey

Skill      XL: |  1  2  3  4  5  6  7  8  9 |
---------------+----------------------------+-----
Axes           | 2 3 4 5 6 |  6.6
Shields        | 3 4 5 6 |  6.7
Armour         | 3 4 5 |  5.2
Dodging        | 1 2 3 |  3.3
Fighting       | 4 5 |  5.3
Stealth        | |  0.9
Unarmed Combat | |  0.3

Action                   |  1- 3 |  4- 6 |  7- 9 || total
-------------------------+-------+-------+-------++-------
Melee: War axe           |    87 |    94 |       ||   181
       Hand axe          |       |   122 |   249 ||   371
       Unarmed           |       |     4 |       ||     4
       Headbutt          |       |       |    12 ||    12
  Use: Potion            |       |     1 |     4 ||     5
       Scroll            |       |     3 |     3 ||     6
 Stab: Sleeping          |       |       |     2 ||     2
  Eat: Chunk             |       |     9 |     8 ||    17
Armor: Scale mail        |    47 |    90 |    26 ||   163
       Ring mail         |       |       |    46 ||    46
       Plate armour      |       |       |    13 ||    13
Dodge: Dodged            |    23 |    73 |    86 ||   182
Block: Shield            |    52 |    43 |       ||    95
       Large shield      |       |   117 |   203 ||   320

Table legend:
 A = Non-vault XP
 B = Vault XP
 C = Vault XP percentage of total XP
 D = Non-vault monster count
 E = Vault monster count
 F = Vault count percentage of total count
                 A         B        C        D         E       F
            +---------+---------+-------+---------+---------+-------
      Total |    2580 |     941 |  26.7 |     126 |      17 |  11.9
            +---------+---------+-------+---------+---------+-------
        D:1 |      22 |       0 |   0.0 |      13 |       0 |   0.0
        D:2 |     135 |       0 |   0.0 |      19 |       0 |   0.0
        D:3 |     126 |       0 |   0.0 |      23 |       0 |   0.0
        D:4 |     475 |      33 |   6.5 |      27 |       1 |   3.6
        D:5 |     585 |      40 |   6.4 |      15 |       1 |   6.2
        D:6 |     901 |       0 |   0.0 |      23 |       0 |   0.0
        D:7 |     336 |     243 |  42.0 |       6 |      14 |  70.0
     Bailey |       0 |     625 | 100.0 |       0 |       1 | 100.0
            +---------+---------+-------+---------+---------+-------
